 Dungeon Crawl Stone Soup version 0.26.1-2-gb8aa6d0cf2 (webtiles) character file.

Game seed: 17860618798103760096

110 buriedalive the Insei (level 4, -5/35 HPs)
             Began as a Demonspawn Transmuter on Mar 18, 2021.
             Slain by a scorpion (6 damage)
             ... on level 4 of the Dungeon.
             The game lasted 00:04:09 (1587 turns).

buriedalive the Insei (Demonspawn Transmuter)       Turns: 1587, Time: 00:04:11

Health: -5/35      AC:  7    Str: 11    XL:     4   Next: 61%
Magic:  6/8        EV: 12    Int: 16    God:
Gold:   50         SH:  0    Dex: 14    Spells: 5/8 levels left

rFire    . . .     SeeInvis .     - Unarmed
rCold    . . .     Faith    .   (no shield)
rNeg     . . .     Spirit   .   h - +0 leather armour
rPois    .         Reflect  .   (helmet currently unavailable)
rElec    .         Harm     .   g - +0 cloak
rCorr    .         Rampage  .   l - +0 pair of gloves
Will     .....                  (boots currently unavailable)
Stlth    +.........             (no amulet)
HPRegen  0.11/turn              (no ring)
MPRegen  0.11/turn              (no ring)

@: mighty, appendages (expiring), wereblooded (expiring), attractive
A: horns 1, talons 2, slimy green scales 1, clever 1, robust 1
a: End Transformation


You were on level 4 of the Dungeon.
You had grown temporary talons.
You visited 1 branch of the dungeon, and saw 3 of its levels.

You collected 50 gold pieces.

Inventory:

Armour
 a - a +0 robe
 g - a +0 cloak (worn)
 h - a +0 leather armour (worn)
 l - a +0 pair of gloves (worn)
Scrolls
 b - a scroll of identify {unknown}
 c - 3 scrolls of immolation {unknown}
 f - a scroll of noise {unknown}
 i - a scroll of teleportation {unknown}
 j - 2 scrolls of fear {unknown}


   Skills:
 - Level 1.0 Fighting
 + Level 2.6 Dodging
 + Level 3.4 Unarmed Combat
 + Level 2.8 Spellcasting
 + Level 2.6 Transmutations


You had 5 spell levels left.
You knew the following spells:

 Your Spells              Type           Power        Failure   Level
a - Beastly Appendage     Tmut           20%          9%          1
b - Wereblood             Tmut           10%          13%         2

Your spell library contained the following spells:

 Spells                   Type           Power        Failure   Level
 Spider Form              Tmut/Pois      3%           41%         3
 Ice Form                 Ice/Tmut       6%           82%         4
 Blade Hands              Tmut           5%           93%         5


Dungeon Overview and Level Annotations

Branches:
Dungeon (2/15)

Altars:


Innate Abilities, Weirdness & Mutations

You have a pair of small horns on your head.
You are partially covered in slimy green scales. (AC +2)
You have razor-sharp toenails.
Your mind is acute. (Int +2)
You are robust. (+10% HP)


Message History

You hear a howl!
A howler monkey comes into view.
You hit the scorpion but do no damage.
You claw the scorpion, but do no damage.
The howler monkey hoots and howls with incredible vigour!
The scorpion closely misses you.
It was a potion of attraction.
You feel attractive to monsters. The scorpion barely misses you.
It was a potion of might.
You feel very mighty all of a sudden. The scorpion barely misses you.
The howler monkey hits you but does no damage.
It was a potion of mutation.
You feel extremely strange.
You feel your magical essence link to the dungeon's wands.
Your magical essence no longer links to wands of the dungeon.
You feel clever.
You feel robust.
Your primal bloodlust is almost over.
The scorpion stings you.
You die...

#.# #(# #.#
#.# .. #..
.. #.# .#
#h# #s# #@#
>. #s# .#
#Z##.##.##.
#..........
#....Z..#..
#.##.##...#
#.# .# ###
#.# .. #.#
###


You could see a scorpion, a howler monkey (catching breath) and a quokka
skeleton.

Vanquished Creatures
  Jessica (D:2)
  An iguana (D:4)
  An adder (D:2)
  An ooze (D:1)
  A dart slug (D:1)
  A leopard gecko (D:1)
  5 bats
  3 giant cockroaches
  6 goblins
  7 hobgoblins (D:1)
  A quokka (D:2)
  2 frilled lizards (D:1)
  6 kobolds
  7 rats
43 creatures vanquished.

Notes
Turn   | Place    | Note
-------+----------+-------------------------------------------
     0 | D:1      | buriedalive the Demonspawn Transmuter began the quest for
                  | the Orb.
     0 | D:1      | Reached XP level 1. HP: 15/15 MP: 3/3
   262 | D:1      | Gained mutation: You are partially covered in slimy green
                  | scales. (AC +2) [demonic ancestry]
   262 | D:1      | Reached XP level 2. HP: 21/21 MP: 5/5
   482 | D:1      | Reached skill level 3 in Unarmed Combat
   647 | D:1      | Reached XP level 3. HP: 23/26 MP: 4/6
   752 | D:1      | Learned a level 2 spell: Wereblood
  1409 | D:2      | Noticed Jessica
  1415 | D:2      | Killed Jessica
  1416 | D:2      | Mutation became permanent: You have a pair of small horns
                  | on your head. [demonic ancestry]
  1416 | D:2      | Gained mutation: You have a pair of horns on your head.
                  | [demonic ancestry]
  1416 | D:2      | Reached XP level 4. HP: 32/32 MP: 5/7
  1564 | D:2      | You fall into a shaft and drop 2 floors!
  1582 | D:4      | HP: 1/32 [iguana (8)]
  1587 | D:4      | Gained mutation: You expend magic power (3 MP) to
                  | strengthen your wands. [potion of mutation]
  1587 | D:4      | Lost mutation: You expend magic power (3 MP) to strengthen
                  | your wands. [potion of mutation]
  1587 | D:4      | Gained mutation: Your mind is acute. (Int +2) [potion of
                  | mutation]
  1587 | D:4      | Gained mutation: You are robust. (+10% HP) [potion of
                  | mutation]
  1587 | D:4      | Slain by a scorpion

Illustrated notes

Levels and vault maps discovered:
D:1:      dpeg_arrival_simpleton_c, layout_loops_ring, kennysheep_boxes
D:2:      layout_loops_cross, fedhas_ov_isle_minmay, uniq_jessica
D:4:      layout_loops_cross, lemuel_doored_altar, kennysheep_little_box,
          evilmike_ruin_ashenzari, minmay_temple_entry_ruins, st_stairs_3,
          uniq_ijyb

Skill      XL: |  1  2 |
---------------+-------+-----
Dodging        | 2 |  2.6
Transmutations | 2 |  2.6
Unarmed Combat | 3 |  3.4
Fighting       | |  1.0
Spellcasting   | |  2.8

Action                   |  1- 3 |  4- 6 || total
-------------------------+-------+-------++-------
Melee: Unarmed           |   105 |    29 ||   134
       Kick              |    22 |     5 ||    27
       Headbutt          |     9 |     1 ||    10
       Punch             |     1 |     1 ||     2
 Cast: Beastly Appendage |    17 |     2 ||    19
       Wereblood         |       |     1 ||     1
  Use: Potion            |       |     3 ||     3
Armor: Robe              |    19 |       ||    19
       Leather armour    |    13 |     8 ||    21
Dodge: Dodged            |    52 |    15 ||    67
